 Dungeon Crawl Stone Soup version 0.21.1-1-g345015f (webtiles) character file.

45 inc the Scratcher (level 3, -3/17 HPs)
             Began as a Felid Chaos Knight on Feb 23, 2018.
             Slain by an adder (5 damage)
             ... on level 2 of the Dungeon.
             The game lasted 00:03:05 (1176 turns).

inc the Scratcher (Felid Chaos Knight)              Turns: 1176, Time: 00:03:05

Health: -3/17      AC:  1    Str:  5 (8)  XL:     3   Next: 42%
Magic:  4/4        EV: 18    Int: 11 (14) God:    Xom [*.....]
Gold:   92         SH:  0    Dex: 12 (15) Spells: 2/2 levels left
                                        Lives:  0   Deaths: 0

rFire    . . .     SeeInvis +     - Unarmed
rCold    . . .     Gourm    .   (shield unavailable)
rNeg     . . .     Faith    .   (armour unavailable)
rPois    .         Spirit   .   (helmet unavailable)
rElec    .         Reflect  .   (cloak unavailable)
rCorr    .         Harm     .   (gloves unavailable)
MR       .....                  (boots unavailable)
Stlth    ++........             (no amulet)
HPRegen  0.05/turn              (no ring)
MPRegen  0.09/turn              (no ring)

@: quick
A: very small, no armour, no weapons or thrown items, stealth, claws 1, fangs 3,
see invisible, carnivore, speed 1, shaggy fur 1, slow metabolism 1, sharp paws
a: Renounce Religion


You were on level 2 of the Dungeon.
You worshipped Xom.
You were a special plaything of Xom.
You were not hungry.

You visited 1 branch of the dungeon, and saw 2 of its levels.

You collected 92 gold pieces.

Inventory:

Scrolls
 b - a scroll of teleportation {unknown}
 f - a scroll of identify {unknown}
Potions
 c - a potion of degeneration
 d - a potion of mutation {unknown}
 e - a potion of cancellation {unknown}
Comestibles
 a - 5 rations


   Skills:
 - Level 3.0 Fighting
 - Level 3.2 Dodging
 + Level 4.5 Unarmed Combat


You had 2 spell levels left.
You didn't know any spells.

Dungeon Overview and Level Annotations

Branches:
Dungeon (2/15)

Altars:

Annotations:
D:2 Sigmund


Innate Abilities, Weirdness & Mutations

You cannot wear armour.
You are incapable of wielding weapons or throwing items.
Your paws allow you to move quietly. (Stealth)
You have sharp claws.
You have razor-sharp teeth.
You have supernaturally acute eyesight. (SInv)
You are carnivorous and can eat meat at any time.
You cover ground quickly.
You are covered in fur. (AC +1)
You have a slow metabolism.
Your sharp claws are effective at attacking unaware monsters.


Message History

You kill the goblin!
a - 5 rations (gained 1) Sigmund the Dreaded comes into view.
He is wielding a scythe.
(D) Dungeon
Where to? (? - help) Xom makes a sudden noise!
You hear a distant "Zot"!
You are now a special plaything of Xom.
You hear an angry hiss. x2
You start resting.
An adder comes into view.
The adder hisses angrily.
You barely miss the adder. The adder bites you.
* * * LOW HITPOINT WARNING * * *
You miss the adder. The adder barely misses you. x2
It was a potion of degeneration.
There was something very wrong with that liquid.
You feel weakened.
You feel dopey.
You feel clumsy.
Xom roars with laughter!
The adder bites you.
You die...

.########.#.#.#####....#
#.#.PP.
##.....##.#.#........#.#
#.##.P.
#.........#.####..####.#
#.##..#
#........†#........# ,
#......
.......#.........#.#
#......
.##...#..........#.# *.#
#......
.##..#...........#.# *..
#......
....#.....##....S#.# *
.##......
#..#....#.##.###@#.###
..#......
.##..##...##.#.......#
*#.#..<...
.##..##....#.#.......#
#.#.#####
#..#.......#.#.......#
#.#.#
....#........#.......#
#...#
.##..#.....###..)[...#
##..# .##...#....#
#.......# #..#
.......#...# #.......#
#..#### #........###
#.......#####.....#


You could see an adder.

Vanquished Creatures
  An ooze (D:2)
  A worm (D:2)
  3 dart slugs
  3 leopard geckos (D:1)
  4 bats
  A giant cockroach (D:1)
  4 goblins
  A hobgoblin (D:1)
  2 jackals (D:2)
  6 kobolds (D:1)
  3 rats
29 creatures vanquished.

Notes
Turn   | Place    | Note
-------+----------+-------------------------------------------
     0 | D:1      | inc the Felid Chaos Knight began the quest for the Orb.
     0 | D:1      | Reached XP level 1. HP: 10/10 MP: 2/2
    68 | D:1      | XOM: silly message
   229 | D:1      | XOM: divination: detect items
   287 | D:1      | Reached XP level 2. HP: 10/14 MP: 3/3
   310 | D:1      | XOM is BORED!
   310 | D:1      | XOM: harmless Ice miscast
   333 | D:1      | XOM: harmless Air miscast
   390 | D:1      | XOM: silly message
   420 | D:1      | XOM: butterfly on damage
   440 | D:1      | Reached skill level 4 in Unarmed Combat
   490 | D:1      | You fall through a shaft!
   609 | D:2      | XOM: divination: magic mapping
   611 | D:2      | XOM: 2-stop teleportation journey
   689 | D:2      | Reached XP level 3. HP: 7/17 MP: 4/4
   751 | D:2      | XOM: summons 4 hostile shadow creatures
   920 | D:2      | XOM: harmless Chrm miscast
  1133 | D:2      | Noticed Sigmund
  1153 | D:2      | XOM: noise
  1176 | D:2      | Slain by an adder

Skill      XL: |  1  2 |
---------------+-------+-----
Unarmed Combat | 4 |  4.5
Fighting       | |  3.0
Dodging        | |  3.2

Action                   || total
-------------------------++-------
Melee: Unarmed           ||   109
       Bite              ||    10
  Use: Potion            ||     6
 Stab: Sleeping          ||     3
Armor: Skin              ||     6
Dodge: Dodged            ||    94
